[Event "Titled Tuesday Blitz January 31 Late 2023"]
[White "Carlsen, Magnus"]
[Black "Poltorak, Sebastian"]
[WhiteFideId "1503014"]
[BlackFideId "1199498"]
[WhiteElo "2853"]
[BlackElo "2354"]
[Result "1-0"]
[Round "01"]
[TimeControl "180+2"]
[Date "2023.01.31"]
[WhiteClock "0:00:11"]
[BlackClock "0:00:02"]

1. d4 Nf6 2. c4 g6 3. Nc3 d5 4. cxd5 Nxd5 5. e4 Nxc3 6. bxc3 Bg7 7. Qa4+ Nd7 8. Nf3 O-O 9. Bg5 Nb6 10. Qa3 Re8 11. Be2 Bg4 12. O-O h6 13. Bh4 Qd7 14. Rfd1 c6 15. Ne5 Bxe5 16. dxe5 Qe6 17. f3 Bh5 18. Qa5 g5 19. Bf2 Nc4 20. Bxc4 Qxc4 21. h3 b6 22. Qb4 Qe6 23. g4 Bg6 24. Bg3 Red8 25. Kf2 f6 26. Qb3 Bf7 27. Qxe6 Bxe6 28. exf6 exf6 29. a4 Bb3 30. Rd6 Rxd6 31. Bxd6 a6 32. a5 b5 33. Rb1 Bc4 34. h4 Rd8 35. Bc5 Rd2+ 36. Kg3 Kg7 37. Rh1 Be2 38. Rh2 Rc2 39. hxg5 hxg5 40. Bd4 Bd3 41. Rh1 Rd2 42. e5 fxe5 43. Bxe5+ Kg6 44. Rh8 Bc4 45. Rf8 Rd3 46. Rf6+ Kh7 47. Kf2 Rd5 48. Bd4 c5 49. Be3 b4 50. cxb4 cxb4 51. Rc6 Bb5 52. Rc2 b3 53. Rb2 Bc4 54. Rb1 Rd3 55. Bxg5 Kg6 56. Be3 Rc3 57. Bd4 Rc2+ 58. Kg3 Rd2 59. Be5 Re2 60. f4 Kf7 61. Kh4 Rh2+ 62. Kg5 Re2 63. Ba1 Ke6 64. f5+ Kd5 65. f6 Rf2 66. Rd1+ Ke6 67. Bd4 b2 68. Bxf2 1-0


[Site "https://www.chess.com"]

[Event "Titled Tuesday Blitz January 31 Late 2023"]
[White "Ismagilov, Damir"]
[Black "Nakamura, Hikaru"]
[WhiteFideId "34199982"]
[BlackFideId "2016192"]
[WhiteElo "2156"]
[BlackElo "2775"]
[Result "0-1"]
[Round "01"]
[TimeControl "180+2"]
[Date "2023.01.31"]
[WhiteClock "0:00:19"]
[BlackClock "0:02:36"]

1. e4 g6 2. d4 Bg7 3. Nf3 d6 4. Nc3 a6 5. Bc4 b5 6. Bd5 c6 7. Bb3 e6 8. O-O Bb7 9. Bg5 Ne7 10. Qd2 h6 11. Bf4 g5 12. Bg3 Ng6 13. Ne2 c5 14. dxc5 dxc5 15. Qxd8+ Kxd8 16. Rfd1+ Nd7 17. c4 Bxe4 18. Bd6 Bxb2 19. cxb5 Bxa1 20. Rxa1 axb5 21. Rc1 c4 22. Bc2 Bxc2 23. Rxc2 Ra6 24. Bb4 Nde5 25. Nfd4 Nd3 26. a3 Nxb4 27. axb4 Ra1+ 28. Nc1 Ke7 29. Nxb5 Rd8 30. Nc3 Nf4 31. g3 Nd3 0-1


[Site "https://www.chess.com"]

[Event "Titled Tuesday Blitz January 31 Late 2023"]
[White "Taboas Rodriguez, Daniel"]
[Black "Naroditsky, Daniel"]
[WhiteFideId "2208466"]
[BlackFideId "2026961"]
[WhiteElo "2371"]
[BlackElo "2618"]
[Result "1/2-1/2"]
[Round "01"]
[TimeControl "180+2"]
[Date "2023.01.31"]
[WhiteClock "0:00:08"]
[BlackClock "0:00:04"]

1. d4 Nf6 2. Nf3 g6 3. c4 Bg7 4. Nc3 O-O 5. e4 d6 6. Be2 e5 7. dxe5 dxe5 8. Qxd8 Rxd8 9. Bg5 Re8 10. Nd5 Nxd5 11. cxd5 c6 12. Bc4 cxd5 13. Bxd5 Nd7 14. Nd2 Nc5 15. O-O-O Be6 16. Bxe6 Nxe6 17. Be3 Bf8 18. Nb3 a5 19. a4 b5 20. axb5 a4 21. Nd2 Rab8 22. b6 Nd4 23. Nf3 Rxb6 24. Nxd4 exd4 25. Bxd4 Rc6+ 26. Kb1 Rxe4 27. Rhe1 Rce6 28. Rxe4 Rxe4 29. Be3 f5 30. Rd4 Rxd4 31. Bxd4 Kf7 32. Kc2 Ke6 33. Kd3 Kd5 34. f3 Bc5 35. Bg7 Bd6 36. h3 Kc5 37. Kc3 Kb5 38. Bf6 Bc5 39. Bg7 Bb6 40. Bf8 Ba5+ 41. Kd3 Bb4 42. Bg7 Be1 43. Bf8 h5 44. Kd4 Bb4 45. Bg7 Be7 46. Kd5 Kb4 47. Ke6 Bg5 48. Kf7 Bc1 49. Kxg6 Kb3 50. Kxf5 Bxb2 51. Bf8 Ba3 52. Bxa3 Kxa3 53. g4 hxg4 54. hxg4 Kb4 55. g5 a3 56. g6 a2 57. g7 a1=Q 58. g8=Q Qb1+ 59. Kf4 Qc1+ 60. Kf5 Qc2+ 61. Kf6 Qc3+ 62. Ke7 Qxf3 63. Qe6 Qc3 64. Qd6+ Kb3 65. Qe6+ Kb2 66. Qd6 Qg7+ 67. Ke6 Qc3 68. Kd7 Kb3 69. Qc6 Qxc6+ 70. Kxc6 1/2-1/2


[Site "https://www.chess.com"]

[Event "Titled Tuesday Blitz January 31 Late 2023"]
[White "ArchibaldCerveza29"]
[Black "So, Wesley"]
[BlackFideId "5202213"]
[WhiteElo "2532"]
[BlackElo "2760"]
[Result "0-1"]
[Round "01"]
[TimeControl "180+2"]
[Date "2023.01.31"]
[WhiteClock "0:00:20"]
[BlackClock "0:00:32"]

1. d4 Nf6 2. c4 e6 3. Nc3 Bb4 4. e3 O-O 5. Bd3 d5 6. Ne2 dxc4 7. Bxc4 c5 8. O-O cxd4 9. Qxd4 Nc6 10. Qh4 Be7 11. Rd1 Qb6 12. Bb3 Bd7 13. e4 Rad8 14. Be3 Qa5 15. Qg3 b5 16. e5 Nh5 17. Qg4 g6 18. f4 Ng7 19. Ne4 Nf5 20. Bf2 Qb4 21. Qf3 h5 22. Rac1 Nh4 23. Qe3 Nf5 24. Qf3 Be8 25. g3 Ncd4 26. Nxd4 Nxd4 27. Qe3 Nxb3 28. axb3 Rxd1+ 29. Rxd1 Bc6 30. Nd6 Bd5 31. Rd4 Qc5 32. Qc3 Bxd6 33. exd6 Qxd6 34. Rd1 Qd7 35. Bd4 Bb7 36. Bh8 Qxd1+ 37. Kf2 Qf3+ 38. Qxf3 Bxf3 0-1


[Site "https://www.chess.com"]

[Event "Titled Tuesday Blitz January 31 Late 2023"]
[White "Dubov, Daniil"]
[Black "Hernandez Sanchez, Elvis De La Caridad"]
[WhiteFideId "24126055"]
[BlackFideId "6400353"]
[WhiteElo "2708"]
[BlackElo "2243"]
[Result "1-0"]
[Round "01"]
[TimeControl "180+2"]
[Date "2023.01.31"]
[WhiteClock "0:00:57"]
[BlackClock "0:00:03"]

1. d4 Nf6 2. Nf3 g6 3. c4 Bg7 4. Nc3 O-O 5. Bg5 c5 6. d5 h6 7. Bh4 d6 8. e3 g5 9. Bg3 Qa5 10. Bd3 b5 11. Nd2 b4 12. Ne2 Nh5 13. O-O Nd7 14. f4 Nxg3 15. Nxg3 Nf6 16. Nde4 Nxe4 17. Bxe4 f5 18. Bd3 Bxb2 19. Rb1 Bg7 20. fxg5 hxg5 21. Qh5 Qa3 22. Bxf5 Qxe3+ 23. Kh1 Bxf5 24. Nxf5 Qe4 25. Nxg7 Kxg7 26. Qxg5+ Qg6 27. Qxe7+ Rf7 28. Rxf7+ Qxf7 29. Qxd6 Re8 30. Qxc5 Qg6 31. Qxa7+ Kg8 32. Rg1 Re2 33. Qb8+ Kh7 34. Qxb4 Qe4 35. Qb7+ Kh6 36. Qc6+ Kh7 37. Qd7+ Kh8 38. Qh3+ Kg7 39. Qg3+ Kh8 40. Rf1 Qe7 41. d6 Qd7 42. Rf8+ Kh7 43. Qg8+ Kh6 44. Rf6+ 1-0


[Site "https://www.chess.com"]

[Event "Titled Tuesday Blitz January 31 Late 2023"]
[White "Gurevich, Dmitry"]
[Black "Yu, Yangyi"]
[WhiteFideId "2000407"]
[BlackFideId "8603820"]
[WhiteElo "2393"]
[BlackElo "2729"]
[Result "0-1"]
[Round "01"]
[TimeControl "180+2"]
[Date "2023.01.31"]
[WhiteClock "0:00:09"]
[BlackClock "0:00:48"]

1. d4 Nf6 2. c4 e6 3. Nc3 Bb4 4. a3 Bxc3+ 5. bxc3 c5 6. e3 O-O 7. Bd3 Nc6 8. Ne2 e5 9. f3 cxd4 10. cxd4 exd4 11. exd4 d5 12. c5 b6 13. cxb6 axb6 14. O-O h6 15. a4 Ba6 16. Bb5 Bxb5 17. axb5 Rxa1 18. bxc6 Qd6 19. Qc2 Rc8 20. Qb2 Raa8 21. Qxb6 Qxc6 22. Qxc6 Rxc6 23. Bf4 Rc2 24. Ng3 Raa2 25. Nf5 Rxg2+ 26. Kh1 Nh5 27. Bd6 Kh7 28. Ne7 Rgd2 29. Nf5 g6 30. Ne3 Rxd4 31. Ng4 Rdd2 32. Re1 g5 33. Bb4 Re2 34. Rc1 Nf4 0-1


[Site "https://www.chess.com"]

[Event "Titled Tuesday Blitz January 31 Late 2023"]
[White "Aarav Dengla"]
[Black "Andreikin, Dmitry"]
[WhiteFideId "45059756"]
[BlackFideId "4158814"]
[WhiteElo "2343"]
[BlackElo "2729"]
[Result "0-1"]
[Round "01"]
[TimeControl "180+2"]
[Date "2023.01.31"]
[WhiteClock "0:01:41"]
[BlackClock "0:02:02"]

1. e4 c5 2. Nf3 e6 3. d4 cxd4 4. Nxd4 Nc6 5. Nc3 Qc7 6. Be3 a6 7. g4 b5 8. Nxc6 Qxc6 9. Qd2 b4 10. Ne2 Nf6 11. f3 d5 12. e5 Nd7 13. Nd4 Qc7 14. f4 Nc5 15. Bg2 a5 16. c4 bxc3 17. Qxc3 Ba6 18. Kf2 Nd3+ 19. Kf3 Qxc3 20. bxc3 g5 21. fxg5 Nxe5+ 22. Kg3 Nd3 23. h4 Bd6+ 24. Kh3 Rc8 25. Rab1 Rxc3 26. Rb6 Nf2# 0-1


[Site "https://www.chess.com"]

[Event "Titled Tuesday Blitz January 31 Late 2023"]
[White "Mendez Fortes, Eduardo Jesus"]
[Black "Duda, Jan-Krzysztof"]
[WhiteFideId "3502376"]
[BlackFideId "1170546"]
[WhiteElo "2250"]
[BlackElo "2724"]
[Result "0-1"]
[Round "01"]
[TimeControl "180+2"]
[Date "2023.01.31"]
[WhiteClock "0:01:03"]
[BlackClock "0:01:39"]

1. e4 Nf6 2. e5 Nd5 3. d4 d6 4. Nf3 dxe5 5. Nxe5 c6 6. Bc4 Nd7 7. Nd3 g6 8. O-O Bg7 9. c3 O-O 10. a4 b6 11. a5 Bb7 12. Bxd5 cxd5 13. Re1 Re8 14. Bf4 Qc8 15. Nd2 f6 16. Nf3 Qc4 17. Ra4 Qb5 18. Rb4 Qxa5 19. Qe2 e6 20. Nc1 Qa6 21. Qc2 Bc6 22. c4 Rac8 23. Bd6 dxc4 24. Rxc4 Bxf3 25. Rxc8 Rxc8 26. Qb3 Bd5 27. Qh3 Qc4 28. Nd3 Qxd4 29. Nf4 Qd2 30. Ra1 Rc1+ 0-1


[Site "https://www.chess.com"]

[Event "Titled Tuesday Blitz January 31 Late 2023"]
[White "Schekachikhin, Maksim"]
[Black "Caruana, Fabiano"]
[WhiteFideId "24177830"]
[BlackFideId "2020009"]
[WhiteElo "2371"]
[BlackElo "2764"]
[Result "0-1"]
[Round "01"]
[TimeControl "180+2"]
[Date "2023.01.31"]
[WhiteClock "0:00:18"]
[BlackClock "0:01:32"]

1. c4 e5 2. Nc3 Nf6 3. Nf3 Nc6 4. e4 Bb4 5. d3 d6 6. a3 Bc5 7. b4 Bb6 8. Be3 O-O 9. Be2 Bg4 10. O-O Bxf3 11. Bxf3 Nd4 12. g3 a5 13. b5 c6 14. Bg2 cxb5 15. cxb5 Rc8 16. Rc1 Bc5 17. Nb1 Nxb5 18. Bh3 Rc7 19. Qa4 Nd4 20. Bxd4 Bxd4 21. Nd2 Rxc1 22. Rxc1 Qb6 23. Rf1 Qa6 24. Qb3 a4 25. Qc2 b5 26. Rb1 Bc5 27. Qb2 Rb8 28. Nf3 h6 29. Bf1 Qb6 30. Kg2 Qa7 31. h3 b4 32. axb4 Rxb4 33. Qa2 Rxb1 34. Qxb1 Bxf2 35. Nd2 a3 36. Qa2 Nh5 37. Nc4 Bxg3 38. Nxa3 Qe3 39. Qe2 Nf4+ 0-1


[Site "https://www.chess.com"]

[Event "Titled Tuesday Blitz January 31 Late 2023"]
[White "Jobava, Baadur"]
[Black "Fiorito, Francisco"]
[WhiteFideId "13601520"]
[BlackFideId "180165"]
[WhiteElo "2578"]
[BlackElo "2305"]
[Result "1-0"]
[Round "01"]
[TimeControl "180+2"]
[Date "2023.01.31"]
[WhiteClock "0:01:36"]
[BlackClock "0:00:21"]

1. d4 Nf6 2. Nc3 g6 3. e4 d6 4. Be2 Bg7 5. h4 h5 6. Nf3 Nbd7 7. Bg5 c6 8. e5 dxe5 9. dxe5 Ng4 10. e6 fxe6 11. O-O O-O 12. Bc4 Ndf6 13. Qe2 Nd5 14. Rad1 Qc7 15. g3 Bd7 16. Ne4 Rf5 17. Nd4 Re5 18. f4 Nde3 19. fxe5 Nxc4 20. Qxc4 Qxe5 21. Nf3 Qc7 22. Bf4 Qb6+ 23. Qc5 Be8 24. Qxb6 axb6 25. b3 e5 26. Bg5 Bf7 27. Bxe7 Ne3 28. Nf6+ Bxf6 29. Bxf6 Nxd1 30. Rxd1 e4 31. Ng5 Bd5 32. c4 Bf7 33. Rd7 1-0


[Site "https://www.chess.com"]

[Event "Titled Tuesday Blitz January 31 Late 2023"]
[White "Goldin, Alexander"]
[Black "Pranav, V"]
[WhiteFideId "2019540"]
[BlackFideId "25060783"]
[WhiteElo "2542"]
[BlackElo "2597"]
[Result "0-1"]
[Round "01"]
[TimeControl "180+2"]
[Date "2023.01.31"]
[WhiteClock "0:00:26"]
[BlackClock "0:01:11"]

1. d4 Nf6 2. Nf3 e6 3. c4 b6 4. a3 Ba6 5. Qc2 c5 6. d5 exd5 7. cxd5 Be7 8. Nc3 O-O 9. g3 d6 10. Bg2 Re8 11. O-O Bf8 12. Re1 b5 13. b4 Nbd7 14. e4 Rc8 15. Bb2 g6 16. Qb3 Bg7 17. h4 Ng4 18. Rac1 Qb6 19. Re2 h5 20. Nd1 Bxb2 21. Qxb2 Nde5 22. Nxe5 Nxe5 23. Qd2 Bb7 24. Ne3 c4 25. Qc3 Re7 26. Kh2 Rce8 27. Rd1 Bc8 28. Qd4 Bg4 29. Nxg4 hxg4 30. Re3 Qxd4 31. Rxd4 Ra8 32. a4 a5 33. axb5 axb4 34. f4 gxf3 35. Bxf3 b3 36. Rd2 Ra2 0-1


[Site "https://www.chess.com"]

[Event "Titled Tuesday Blitz January 31 Late 2023"]
[White "Martinez Alcantara, Jose Eduardo"]
[Black "Graif, William"]
[WhiteFideId "3805662"]
[BlackFideId "2609835"]
[WhiteElo "2619"]
[BlackElo "2304"]
[Result "1-0"]
[Round "01"]
[TimeControl "180+2"]
[Date "2023.01.31"]
[WhiteClock "0:01:18"]
[BlackClock "0:00:01"]

1. e4 e5 2. Nf3 Bc5 3. c3 d5 4. exd5 Nf6 5. Bb5+ c6 6. dxc6 bxc6 7. d4 exd4 8. Be2 dxc3 9. Qxd8+ Kxd8 10. Nxc3 h6 11. O-O Ke7 12. Bc4 Rd8 13. Ne5 Be6 14. Bxe6 Kxe6 15. Re1 Kf5 16. h3 h5 17. Nxf7 Re8 18. Rxe8 Nxe8 19. Ng5 Nd7 20. Nf3 Nef6 21. Bd2 Re8 22. Kf1 Nb6 23. b3 Nbd5 24. Rc1 Bb6 25. Nh4+ Ke6 26. Re1+ Kf7 27. Rxe8 Nxe8 28. Ne4 Nef6 29. Ng5+ Ke7 30. Nf5+ Kf8 31. Ne6+ Kf7 32. Ng5+ Kg8 33. Ke2 g6 34. Nh4 Kg7 35. Ne6+ Kf7 36. Ng5+ Kg7 37. Nhf3 Ne7 38. Bc3 Nd5 39. Bb2 Kf8 40. Bxf6 Nxf6 41. Ne5 Kg7 42. Ne6+ Kh7 43. Nxc6 Nd5 44. a4 Nc3+ 45. Kf3 Nd1 46. a5 Bxf2 47. Ke2 1-0


[Site "https://www.chess.com"]

[Event "Titled Tuesday Blitz January 31 Late 2023"]
[White "Krishnan, Varun"]
[Black "Deac, Bogdan-Daniel"]
[WhiteFideId "5054508"]
[BlackFideId "1226380"]
[WhiteElo "2341"]
[BlackElo "2700"]
[Result "0-1"]
[Round "01"]
[TimeControl "180+2"]
[Date "2023.01.31"]
[WhiteClock "0:00:11"]
[BlackClock "0:00:06"]

1. e4 g6 2. d4 Bg7 3. Nc3 d6 4. Be3 Nc6 5. Qd2 e5 6. Nge2 Nf6 7. f3 h5 8. O-O-O O-O 9. Kb1 a6 10. Bh6 b5 11. Bxg7 Kxg7 12. Nd5 Bb7 13. h3 h4 14. g3 hxg3 15. Nxg3 Rh8 16. dxe5 Nxe5 17. Be2 Bxd5 18. exd5 Qe7 19. Qg5 Kf8 20. f4 Ned7 21. Rde1 Ng8 22. Qg4 Re8 23. a3 Rh4 24. Qf3 Qf6 25. f5 g5 26. Ref1 Ne5 27. Qf2 Nc4 28. Bxc4 bxc4 29. c3 Rf4 30. Qd2 Rxf1+ 31. Rxf1 Qh6 32. Qg2 Nf6 33. Ne2 Re3 34. Nd4 Qxh3 35. Qf2 Ne4 36. Qg1 Qxf1+ 37. Qxf1 Nd2+ 0-1


[Site "https://www.chess.com"]

[Event "Titled Tuesday Blitz January 31 Late 2023"]
[White "Marczuk, Dominik"]
[Black "Salem, A.R. Saleh"]
[WhiteFideId "1111264"]
[BlackFideId "9301348"]
[WhiteElo "2253"]
[BlackElo "2677"]
[Result "0-1"]
[Round "01"]
[TimeControl "180+2"]
[Date "2023.01.31"]
[WhiteClock "0:00:11"]
[BlackClock "0:00:30"]

1. e4 e5 2. Nf3 Nc6 3. Bc4 Nf6 4. d3 Bc5 5. O-O d6 6. c3 O-O 7. Bb3 h6 8. Nbd2 Re8 9. Re1 Be6 10. Nf1 a5 11. Ng3 Bxb3 12. Qxb3 a4 13. Qd1 d5 14. Qe2 Qd7 15. Nf5 Bf8 16. h3 Rad8 17. Bd2 Qe6 18. g4 dxe4 19. dxe4 Nd7 20. Be3 Nc5 21. Bxc5 Bxc5 22. Qb5 Bb6 23. Qxa4 Rd3 24. Kg2 g6 25. Ne3 Bxe3 26. Rxe3 Rxe3 27. fxe3 Rd8 28. Qb3 Qe7 29. Qxb7 Qc5 30. Qa6 f5 31. gxf5 gxf5 32. exf5 Kh7 33. Qe2 Rg8+ 34. Kh2 e4 35. Nd4 Qe5+ 36. Kh1 Qg3 37. Qh2 Qxe3 38. Rg1 Rxg1+ 39. Qxg1 Qxh3+ 40. Qh2 Qxh2+ 41. Kxh2 Nxd4 42. cxd4 h5 43. a4 e3 44. Kg1 h4 45. a5 h3 46. a6 e2 47. Kf2 h2 48. a7 h1=Q 49. Kxe2 Qe4+ 50. Kd2 Qxd4+ 0-1


[Site "https://www.chess.com"]

[Event "Titled Tuesday Blitz January 31 Late 2023"]
[White "Veiga, Jose Francisco R P Neves"]
[Black "Bortnyk, Olexandr"]
[WhiteFideId "1930087"]
[BlackFideId "14120828"]
[WhiteElo "2406"]
[BlackElo "2605"]
[Result "1/2-1/2"]
[Round "01"]
[TimeControl "180+2"]
[Date "2023.01.31"]
[WhiteClock "0:00:21"]
[BlackClock "0:00:03"]

1. e4 Nf6 2. e5 Nd5 3. c4 Nb6 4. d4 d6 5. exd6 exd6 6. h3 Be7 7. Nf3 O-O 8. Be2 Bf5 9. O-O Nc6 10. Nc3 Bf6 11. Be3 d5 12. c5 Nc4 13. Bc1 b6 14. b3 N4a5 15. Ba3 Re8 16. Rc1 Be4 17. cxb6 axb6 18. Nb5 Rc8 19. Qd2 h6 20. Rfe1 Bxf3 21. Bxf3 Bg5 22. Qd3 Bxc1 23. Rxc1 Qg5 24. Bg4 Rcd8 25. Nxc7 Re4 26. Nb5 Rde8 27. g3 Nb4 28. Qb1 Nbc6 29. Bd7 R8e6 30. Bxe6 fxe6 31. Re1 h5 32. Rxe4 dxe4 33. Qxe4 Qxb5 34. Qxe6+ Kh7 35. d5 Nb8 36. Qf5+ Kg8 37. Qf8+ Kh7 38. Qf5+ Kg8 39. Qf8+ Kh7 40. Qxb8 Qxd5 41. Qxb6 Nc6 42. Bb2 Qd1+ 43. Kh2 Qd2 44. Qxc6 Qxb2 45. Qe4+ g6 46. Kg2 Qxa2 47. b4 Qb3 48. Qb7+ Kh6 49. b5 h4 50. gxh4 Qc4 51. b6 Qxh4 52. Qd5 Qb4 53. b7 Qb6 54. h4 Qb4 55. Qg5+ Kh7 56. f3 Qxb7 57. Kg3 Qc7+ 58. Qf4 Qd7 59. Qg4 Qd6+ 60. Qf4 Qd7 61. Qg4 Qd6+ 62. Kh3 Qd1 63. Qf4 Qh1+ 64. Kg3 Qg1+ 65. Kh3 Qh1+ 66. Kg3 Qe1+ 67. Kh3 Qf1+ 68. Kg3 Qe1+ 69. Kh3 Qe6+ 70. Kg2 Qa2+ 71. Kg3 Qa7 72. Qe4 Qg1+ 73. Kh3 Qh1+ 74. Kg3 Qg1+ 75. Kh3 Kh6 76. Qf4+ Kh7 77. Qe4 1/2-1/2


[Site "https://www.chess.com"]

[Event "Titled Tuesday Blitz January 31 Late 2023"]
[White "Bluebaum, Matthias"]
[Black "Ozates, Tuna"]
[WhiteFideId "24651516"]
[BlackFideId "6354521"]
[WhiteElo "2669"]
[BlackElo "2251"]
[Result "1-0"]
[Round "01"]
[TimeControl "180+2"]
[Date "2023.01.31"]
[WhiteClock "0:00:18"]
[BlackClock "0:00:06"]

1. d4 Nf6 2. c4 e6 3. Nc3 d5 4. cxd5 exd5 5. Bg5 Be7 6. e3 c6 7. Bd3 Nbd7 8. h3 O-O 9. Qc2 Re8 10. Nf3 Nf8 11. O-O Ng6 12. Ne5 Ne4 13. Bxe7 Qxe7 14. Nxe4 dxe4 15. Bxe4 Nxe5 16. dxe5 Qxe5 17. Bxh7+ Kh8 18. Bd3 Qg5 19. f4 Qf6 20. Qf2 Bf5 21. Rad1 Bxd3 22. Rxd3 Re4 23. Rd7 Rae8 24. Re1 b5 25. Rxa7 Kg8 26. a3 Qd6 27. Qc2 g6 28. Ra8 Qe6 29. Rxe8+ Qxe8 30. Qd3 Qe6 31. Kf2 Rc4 32. Re2 Qf6 33. Rc2 Qh4+ 34. Kf1 Rxc2 35. Qxc2 Qf6 36. Qc3 Qd6 37. Qd4 Qe6 38. Kf2 Qb3 39. Kg3 Qc2 40. Kh2 c5 41. Qc3 Qf5 42. b3 Qd5 43. a4 b4 44. Qc2 Qc6 45. a5 Qb5 46. Qa2 Qa6 47. Qa4 Kg7 48. Qa1+ Kg8 49. h4 Kh7 50. Kg3 Kg8 51. Qa4 Kg7 52. Qa2 Kg8 53. Qa1 Kh7 54. e4 Qd3+ 55. Kh2 Qxe4 56. Qf6 Qe6 57. Qxe6 fxe6 58. a6 c4 59. a7 cxb3 60. a8=Q b2 61. Qb7+ Kh6 62. Qxb4 Kh5 63. Qxb2 e5 64. Qxe5+ Kh6 65. Qg5+ Kh7 66. h5 Kh8 67. hxg6 Kg8 68. f5 Kh8 69. f6 Kg8 70. Qe5 Kf8 71. Qe7+ 1-0


[Site "https://www.chess.com"]

[Event "Titled Tuesday Blitz January 31 Late 2023"]
[White "Defend, Balint"]
[Black "Indjic, Aleksandar"]
[WhiteFideId "17004853"]
[BlackFideId "911925"]
[WhiteElo "1673"]
[BlackElo "2618"]
[Result "0-1"]
[Round "01"]
[TimeControl "180+2"]
[Date "2023.01.31"]
[WhiteClock "0:00:01"]
[BlackClock "0:01:24"]

1. e4 c5 2. Nf3 e6 3. c3 d5 4. exd5 exd5 5. Bb5+ Nc6 6. O-O Bd6 7. d4 cxd4 8. Qxd4 Nf6 9. Re1+ Kf8 10. Qd3 a6 11. Bxc6 bxc6 12. Bg5 h6 13. Bh4 Be6 14. Nd4 Bd7 15. Bg3 Qc7 16. Nd2 Bxg3 17. hxg3 c5 18. N4f3 g6 19. Ne5 Bf5 20. Qf1 Kg7 21. Ndf3 Rhe8 22. Re3 Be4 23. Rae1 a5 24. Nd3 Rab8 25. Nf4 g5 26. Ne2 Ng4 27. Rxe4 Rxe4 28. b3 Rbe8 29. Nc1 Rxe1 30. Nxe1 Qe5 31. Nf3 Qxc3 32. Nd3 c4 33. bxc4 dxc4 34. Nc5 Qb2 35. Nh2 Nxh2 36. Kxh2 Re2 37. Qd1 Rxf2 38. Qd5 Qd2 39. Qe5+ Kg6 40. Qe4+ Kh5 41. g4+ Kh4 0-1


[Site "https://www.chess.com"]

[Event "Titled Tuesday Blitz January 31 Late 2023"]
[White "Hnydiuk, Aleksander"]
[Black "Hakobyan, Aram"]
[WhiteFideId "1109057"]
[BlackFideId "13306677"]
[WhiteElo "2363"]
[BlackElo "2608"]
[Result "0-1"]
[Round "01"]
[TimeControl "180+2"]
[Date "2023.01.31"]
[WhiteClock "0:00:01"]
[BlackClock "0:00:43"]

1. e4 c5 2. Nf3 d6 3. d4 cxd4 4. Nxd4 Nf6 5. Nc3 a6 6. Be3 Ng4 7. Bc1 Nf6 8. Be3 e5 9. Nb3 Be7 10. f3 h5 11. Qd2 Be6 12. O-O-O Nbd7 13. h3 h4 14. Bd3 b5 15. f4 Qc7 16. Rhe1 Rc8 17. Kb1 Nb6 18. Qf2 Nc4 19. Bxc4 Qxc4 20. fxe5 dxe5 21. Bg5 Ng4 22. hxg4 Bxg5 23. Nd5 Bd8 24. g5 h3 25. gxh3 Rxh3 26. Rh1 Qxe4 27. Rhe1 Qf3 28. Qxf3 Rxf3 29. Rxe5 Rf5 30. Rxf5 Bxf5 31. Nd4 Bg6 32. Re1+ Kf8 33. Re5 Rc5 34. Kc1 Bc7 35. Nxc7 Rxe5 0-1


[Site "https://www.chess.com"]

[Event "Titled Tuesday Blitz January 31 Late 2023"]
[White "Sanal, Vahap"]
[Black "Ibadov, Dashgyn"]
[WhiteFideId "6300545"]
[BlackFideId "24107514"]
[WhiteElo "2600"]
[BlackElo "2391"]
[Result "1-0"]
[Round "01"]
[TimeControl "180+2"]
[Date "2023.01.31"]
[WhiteClock "0:00:58"]
[BlackClock "0:00:15"]

1. e4 e6 2. d4 d5 3. Nd2 c5 4. exd5 Qxd5 5. Ngf3 cxd4 6. Bc4 Qd6 7. O-O Nf6 8. Nb3 Nc6 9. Nbxd4 Nxd4 10. Nxd4 Be7 11. Nb5 Qb8 12. Qd4 e5 13. Qc3 a6 14. Nc7+ Qxc7 15. Bxf7+ Kd8 16. Qg3 Bg4 17. h3 Rf8 18. Bb3 Be2 19. Re1 Bc4 20. Bxc4 Qxc4 21. Qxe5 Qc5 22. Qe6 Qd6 23. Qb3 Qb4 24. Qe6 Rc8 25. Bd2 Qc5 26. Ba5+ Rc7 27. b4 1-0


[Site "https://www.chess.com"]

[Event "Titled Tuesday Blitz January 31 Late 2023"]
[White "Sohal, Tanraj"]
[Black "Makhnev, Denis"]
[WhiteFideId "2608499"]
[BlackFideId "13707647"]
[WhiteElo "2234"]
[BlackElo "2483"]
[Result "0-1"]
[Round "01"]
[TimeControl "180+2"]
[Date "2023.01.31"]
[WhiteClock "0:00:30"]
[BlackClock "0:02:22"]

1. d4 Nf6 2. Nf3 e6 3. g3 b5 4. Bg2 Bb7 5. O-O Be7 6. b3 b4 7. a3 a5 8. axb4 axb4 9. Rxa8 Bxa8 10. Bb2 O-O 11. Nbd2 c5 12. e3 cxd4 13. exd4 Bd5 14. Nc4 Nc6 15. Qe2 Qc7 16. Nfe5 Bxg2 17. Kxg2 Rc8 18. Nxc6 Qxc6+ 19. Qf3 d5 20. Ne3 Ne4 21. Ra1 Bf6 22. Ra4 Qb6 23. Qd1 g6 24. h4 h5 25. Qd3 Nc3 26. Bxc3 Rxc3 27. Qd1 Bxd4 28. Ra8+ Kg7 29. Nf1 Bxf2 30. Qe2 Bd4 31. Nh2 Qc7 32. Qd1 Qxg3+ 33. Kh1 Qxh4 34. Rb8 Be5 0-1


[Site "https://www.chess.com"]

[Event "Titled Tuesday Blitz January 31 Late 2023"]
[White "Karas, Marek"]
[Black "Bok, Benjamin"]
[WhiteFideId "14928558"]
[BlackFideId "1017063"]
[WhiteElo "2227"]
[BlackElo "2607"]
[Result "0-1"]
[Round "01"]
[TimeControl "180+2"]
[Date "2023.01.31"]
[WhiteClock "0:00:07"]
[BlackClock "0:00:33"]

1. Nf3 d5 2. g3 c6 3. Bg2 Bg4 4. O-O Nd7 5. c4 Bxf3 6. Bxf3 Ne5 7. cxd5 Nxf3+ 8. exf3 Qxd5 9. Nc3 Qd7 10. d4 e6 11. Be3 Nf6 12. Qb3 Be7 13. Rfd1 O-O 14. Kg2 Rfd8 15. Rac1 h6 16. h3 Rac8 17. a3 a6 18. Ne2 Nd5 19. Nc3 Bf6 20. Ne4 Be7 21. Nc3 b5 22. Ne4 Nb6 23. Nc5 Bxc5 24. dxc5 Nd5 25. Bd4 a5 26. Be5 a4 27. Qc2 f6 28. Bd6 e5 29. Qe4 Qe6 30. f4 Re8 31. fxe5 fxe5 32. Re1 Qf7 33. Qf3 e4 34. Rxe4 Rxe4 35. Qxe4 Re8 36. Qf3 Qg6 37. h4 Re6 38. Kg1 Qe8 39. Kg2 Re2 40. b3 axb3 41. Qxb3 Qe4+ 42. Kg1 Kh8 43. Rf1 Ne3 44. Rc1 Qg2# 0-1


[Site "https://www.chess.com"]

[Event "Titled Tuesday Blitz January 31 Late 2023"]
[White "Terry, Renato"]
[Black "Zochowski, Kacper"]
[WhiteFideId "3803457"]
[BlackFideId "1125494"]
[WhiteElo "2520"]
[BlackElo "2262"]
[Result "1-0"]
[Round "01"]
[TimeControl "180+2"]
[Date "2023.01.31"]
[WhiteClock "0:01:16"]
[BlackClock "0:00:51"]

1. e4 d6 2. d4 Nf6 3. Bd3 e5 4. c3 d5 5. dxe5 Nxe4 6. Be3 Nc5 7. Bc2 Nc6 8. f4 g6 9. Nf3 Bg4 10. O-O Ne4 11. h3 Bf5 12. Nbd2 Ng3 13. Re1 Bxc2 14. Qxc2 Bh6 15. Nb3 O-O 16. Rad1 Ne7 17. Nc5 Qc8 18. Nd3 Nef5 19. Bc5 Re8 20. c4 b6 21. Bf2 dxc4 22. Qxc4 c5 23. Kh2 Nh5 24. g4 b5 25. Qxc5 Bxf4+ 26. Nxf4 Nxf4 27. Qxc8 Raxc8 28. gxf5 Rc2 29. Rd2 Rxd2 30. Nxd2 Nd3 31. Re2 Nxb2 32. Ne4 gxf5 33. Nf6+ Kh8 34. Nxe8 f4 35. Rxb2 f3 36. Rxb5 f5 37. Rb7 f4 38. Nf6 a5 39. Rxh7# 1-0


[Site "https://www.chess.com"]

[Event "Titled Tuesday Blitz January 31 Late 2023"]
[White "Tang, Andrew"]
[Black "Jimenez Almeida, Luis David"]
[WhiteFideId "2059630"]
[BlackFideId "22242244"]
[WhiteElo "2523"]
[BlackElo "2242"]
[Result "1-0"]
[Round "01"]
[TimeControl "180+2"]
[Date "2023.01.31"]
[WhiteClock "0:00:35"]
[BlackClock "0:00:30"]

1. d4 g6 2. c4 Bg7 3. Nc3 c5 4. d5 Bxc3+ 5. bxc3 Qa5 6. e4 Qxc3+ 7. Bd2 Qg7 8. Rc1 d6 9. Bc3 f6 10. f4 Nh6 11. Nf3 Bg4 12. Bd3 O-O 13. O-O Nf7 14. Qe1 Bxf3 15. Rxf3 Nd7 16. h4 Kh8 17. Qg3 a6 18. Qg4 Rfd8 19. h5 gxh5 20. Qxh5 Rg8 21. Qh2 Rab8 22. Rh3 b5 23. e5 h6 24. e6 bxc4 25. exf7 Qxg2+ 26. Qxg2 Rxg2+ 27. Kxg2 cxd3 28. Rg3 1-0


[Site "https://www.chess.com"]